 Dungeon Crawl Stone Soup version 0.27-a0-1612-gde56a17b89 (webtiles) character file.

Game seed: 9501712456211269688

187 robertstho the Sneak (level 5, -1/47 HPs)
             Began as a Minotaur Delver on July 21, 2021.
             Succumbed to a water moccasin's poison
             ... on level 5 of the Dungeon.
             The game lasted 00:00:34 (203 turns).

robertstho the Sneak (Minotaur Delver)               Turns: 203, Time: 00:00:34

Health: -1/47      AC:  5    Str: 17    XL:     5   Next: 39%
Magic:  4/4        EV: 12    Int:  7    God:
Gold:   6          SH:  0    Dex: 12    Spells: 4/4 levels left

rFire    . . .     SeeInvis .   h - +0 war axe
rCold    . . .     Faith    .   (no shield)
rNeg     . . .     Spirit   .   b - +0 leather armour
rPois    .         Reflect  .   (helmet restricted)
rElec    .         Harm     .   (no cloak)
rCorr    .         Rampage  .   (no gloves)
Will     .....                  i - +1 pair of boots
Stlth    +++.......             (no amulet)
HPRegen  0.15/turn              (no ring)
MPRegen  0.09/turn              (no ring)

@: lethally poisoned (-1 -> -20)
A: horns 2, retaliatory headbutt
a: no special abilities


You were on level 5 of the Dungeon.
You visited 1 branch of the dungeon, and saw 1 of its levels.

You collected 6 gold pieces.

Inventory:

Hand Weapons
 a - a +0 hand axe
 h - a +0 war axe (weapon)
Armour
 b - a +0 leather armour (worn)
 i - a +1 pair of boots (worn)
Wands
 g - a wand of digging (3)
Scrolls
 c - a scroll of fog
 d - a scroll of magic mapping
 e - a scroll of fear
Potions
 f - a potion of haste


   Skills:
 * Level 4.8 Fighting
 + Level 3.3 Axes
 * Level 2.4 Armour
 + Level 2.5 Dodging
 + Level 5.1 Stealth


You had 4 spell levels left.
You didn't know any spells.
Your spell library was empty.

Dungeon Overview and Level Annotations

Branches:
Dungeon (5/15)
 Temple: D:4-7

Altars:


Innate Abilities, Weirdness & Mutations

You have a pair of horns on your head.
You reflexively headbutt those who attack you in melee.


Message History

The water moccasin is severely wounded.
You feel very sick.
The water moccasin bites you but does no damage.
The water moccasin bites you.
You barely miss the water moccasin.
The water moccasin is severely wounded.
You feel sick. The water moccasin misses you. You furiously retaliate!
You headbutt the water moccasin! The water moccasin closely misses you.
You barely miss the water moccasin.
The water moccasin is almost dead.
You feel sick. The water moccasin closely misses you.
The water moccasin misses you.
You hit the water moccasin.
The water moccasin is almost dead.
You feel sick. The water moccasin bites you.
You are more poisoned.
The water moccasin poisons you! The water moccasin barely misses you.
You hit the water moccasin but do no damage.
The water moccasin is almost dead.
You feel very sick. The water moccasin misses you.
The water moccasin bites you!
* * * LOW HITPOINT WARNING * * *
You are more poisoned.
The water moccasin poisons you!
You are too injured to fight recklessly!
You are too injured to fight recklessly!
You are too injured to fight recklessly!
You are too injured to fight recklessly!
You barely miss the water moccasin. You headbutt the water moccasin.
The water moccasin is almost dead.
* * * LOW HITPOINT WARNING * * *
You feel extremely sick. The water moccasin closely misses you.
You furiously retaliate!
You headbutt the water moccasin!
You kill the water moccasin!
Your Axes skill increases to level 3!
Your Armour skill increases to level 2!
Your Stealth skill increases to level 5!
You have reached level 5!
Okay, then.
You die...

#############
##.....#.....##
##.............#
#............)..
#...............
#........†..[...
#.............<.
#.....?@........
#...............
##.†.......>...#
##...........##
#.....#.#######
#>....#.###....
#...........#
#....?#.#####
#.#####.# .


There were no monsters in sight!

Vanquished Creatures
  A water moccasin (D:5)
  A hound (D:5)
  An iguana (D:5)
  3 adders (D:5)
6 creatures vanquished.

Notes
Turn   | Place    | Note
-------+----------+-------------------------------------------
     0 | D:5      | robertstho the Minotaur Delver began the quest for the Orb.
     0 | D:5      | Reached XP level 1. HP: 19/19 MP: 0/0
    30 | D:5      | Reached XP level 2. HP: 26/27 MP: 1/1
    44 | D:5      | Reached skill level 1 in Armour
    44 | D:5      | Reached XP level 3. HP: 23/33 MP: 2/2
   187 | D:5      | Reached XP level 4. HP: 40/41 MP: 3/3
   193 | D:5      | Noticed a water moccasin
   202 | D:5      | HP: 2/41 [poisoned by a water moccasin]
   202 | D:5      | Killed a water moccasin
   203 | D:5      | Reached skill level 5 in Stealth
   203 | D:5      | Reached XP level 5. HP: 3/47 MP: 4/4
   203 | D:5      | Succumbed to a water moccasin's poison

Illustrated notes

Levels and vault maps discovered:
D:5:      cheibrodos_fertilizer, layout_rooms

Skill      XL: |  1  2  3  4 |
---------------+-------------+-----
Fighting       | 4 |  4.8
Armour         | 1 2 |  2.4
Axes           | 3 |  3.3
Stealth        | 5 |  5.1
Dodging        | |  2.5

Action                   |  1- 3 |  4- 6 || total
-------------------------+-------+-------++-------
Melee: Hand axe          |     3 |       ||     3
       War axe           |    17 |     7 ||    24
       Headbutt          |     4 |     1 ||     5
 Stab: Sleeping          |     1 |       ||     1
Armor: Leather armour    |     4 |     1 ||     5
Dodge: Dodged            |    19 |     8 ||    27

Table legend: (Time is in decaauts)
 A = Elapsed time spent in this place.
 B = Non-inter-level travel time spent in this place.
 C = Inter-level travel time spent in this place.
 D = Time resting spent in this place.
 E = Time spent auto-exploring this place.
 F = Levels seen in this place.
 G = Mean time per level.
                   A        B        C        D        E       F      G
               +--------+--------+--------+--------+--------+-----+--------+
         Total |    211 |    211 |      0 |      0 |    142 |   1 |  211.0 |
       Dungeon |    211 |    211 |      0 |      0 |    142 |   1 |  211.0 |
               +--------+--------+--------+--------+--------+-----+--------+

Top non-repeatable levels by time:
     D:5: 211 daAuts
